 Dungeon Crawl Stone Soup version 0.30-a0-879-ga8ba668304 (webtiles) character file.

Game seed: 17427983869649426197

389 IndexError the Digger (level 6, -3/32 HPs)
             Began as a Gargoyle Earth Elementalist on Mar 13, 2023.
             Slain by Duvessa
             ... wielding a +0 short sword
              (6 damage)
             ... on level 4 of the Dungeon.
             The game lasted 00:07:44 (3514 turns).

IndexError the Digger (Gargoyle Earth Elementalist) Turns: 3514, Time: 00:07:45

Health: -3/32      AC: 14    Str: 12    XL:     6   Next: 79%
Magic:  1/13       EV: 11    Int: 17    God:
Gold:   171        SH:  0    Dex: 10    Spells: 8/14 levels left

rFire   . . .      SeeInvis +    b - +3 dagger of Sudden Death {freeze, +Blink rElec Will- SInv}
rCold   . . .      Faith    .    (no shield)
rNeg    + . .      Spirit   .    h - +2 leather armour {Will+}
rPois   ∞          Reflect  .    q - +0 helmet
rElec   +          Rampage  .    (no cloak)
rCorr   +                        (no gloves)
Will    .....                    (no boots)
Stlth   ++                       r - amulet of the acrobat
HPRegen 0.25/turn                n - ring of resist corrosion
MPRegen 0.13/turn                p - +4 ring of protection

@: no status effects
A: sickness immunity, AC +4, negative energy resistance 1, electricity
resistance, torment resistance 1, petrification resistance
a: Evoke Blink


You were on level 4 of the Dungeon.
You visited 1 branch of the dungeon, and saw 4 of its levels.

You collected 171 gold pieces.

Inventory:

Hand Weapons
 a - a +1 short sword of venom
   (You took it off a kobold on level 1 of the Dungeon)
 b - the +3 dagger of Sudden Death (weapon) {freeze, +Blink rElec Will- SInv}
   (You found it on level 3 of the Dungeon)

   rElec:     It insulates you from electricity.
   SInv:      It lets you see invisible.
   +Blink:    It lets you blink.
   Will:      It decreases your willpower.
Armour
 h - a +2 leather armour of willpower (worn)
   (You found it on level 4 of the Dungeon)
 q - a +0 helmet (worn)
   (You found it on level 3 of the Dungeon)
Magical Staves
 u - a staff of air {rElec}
   (You took it off a hobgoblin on level 4 of the Dungeon)
Jewellery
 n - a ring of resist corrosion (left hand)
   (You found it on level 2 of the Dungeon)
 p - a +4 ring of protection (right hand)
   (You found it on level 2 of the Dungeon)
 r - an amulet of the acrobat (around neck)
   (You found it on level 3 of the Dungeon)
Wands
 t - a wand of polymorph (8)
   (You found it on level 3 of the Dungeon)
Scrolls
 c - 2 scrolls of poison {unknown}
 e - 5 scrolls of identify {unknown}
 i - 2 scrolls of teleportation {unknown}
 m - a scroll of torment {unknown}
 o - a scroll of vulnerability {unknown}
 s - a scroll of fear {unknown}
Potions
 d - a potion of berserk rage {unknown}
 f - 4 potions of cancellation {unknown}
 g - 3 potions of mutation {unknown}
 j - a potion of resistance {unknown}
 k - a potion of lignification {unknown}
 l - a potion of flight {unknown}
 v - 4 potions of magic


   Skills:
 - Level 1.5 Dodging
 - Level 2.1 Stealth
 + Level 4.7 Spellcasting
 - Level 0.7 Transmutations
 + Level 6.8 Earth Magic


You had 8 spell levels left.
You knew the following spells:

 Your Spells              Type           Power      Damage    Failure   Level
a - Sandblast             Erth           54%        2d13      1%          1
w - Passwall              Tmut/Erth      13%        N/A       6%          2
x - Stone Arrow           Conj/Erth      30%        3d8       14%         3

Your spell library contained the following spells:

 Spells                   Type           Power      Damage    Failure   Level
 Petrify                  Tmut/Erth      16%        N/A       36%         4


Dungeon Overview and Level Annotations

Branches:
Dungeon (4/15)
 Temple: D:4-7

Altars:
Ashenzari
Hepliaklqana

Annotations:
D:4 Dowan, Duvessa, Pargi


Innate Abilities, Weirdness & Mutations

You are immune to sickness and miasma.
Your stone body is resilient. (AC +4)
You are immune to poison.
You resist negative energy. (rN+)
You are resistant to electric shocks. (rElec)
You are resistant to unholy torment.
You are immune to petrification.


Message History

Aim: Duvessa, wielding a +0 short sword and wearing a +0 scale mail (moderately wounded, 87% to hit)
The blast of sand misses Duvessa.
The blast of sand hits Dowan!
Dowan generates a fountain of clear water, and laughs cruelly.
Duvessa hits you but does no damage.
You now have 10/13 mp.
Aiming: Sandblast (safe; 1% risk of failure)
Press: ? - help, Q - select action, (/) - cycle Shift-Dir - straight line, f/p - Duvessa
Aim: Duvessa, wielding a +0 short sword and wearing a +0 scale mail (lightly wounded, 87% to hit)
The blast of sand hits Duvessa but does no damage.
Duvessa hits you but does no damage.
You now have 9/13 mp.
Aiming: Sandblast (safe; 1% risk of failure)
Press: ? - help, Q - select action, (/) - cycle Shift-Dir - straight line, f/p - Duvessa
Aim: Duvessa, wielding a +0 short sword and wearing a +0 scale mail (lightly wounded, 87% to hit)
The blast of sand hits Duvessa but does no damage.
Duvessa hits you but does no damage.
Dowan says, "Stay away from my face!"
Dowan hits you but does no damage. x2; Duvessa closely misses you.
Aiming: Sandblast (safe; 1% risk of failure)
Press: ? - help, Q - select action, (/) - cycle Shift-Dir - straight line, f/p - Duvessa
Aim: Duvessa, wielding a +0 short sword and wearing a +0 scale mail (lightly wounded, 87% to hit)
The blast of sand hits Duvessa but does no damage.
Duvessa completely misses you. Dowan hits you but does no damage.
You now have 8/13 mp.
Aiming: Sandblast (safe; 1% risk of failure)
Press: ? - help, Q - select action, (/) - cycle Shift-Dir - straight line, f/p - Duvessa
Aim: Duvessa, wielding a +0 short sword and wearing a +0 scale mail (lightly wounded, 87% to hit)
The blast of sand hits Duvessa.
Dowan points at you and mumbles some strange words.
The puff of flame hits you but does no damage.
Duvessa hits you with a +0 short sword. Dowan hits you but does no damage.
Duvessa hits you but does no damage.
You take 3 damage, and have 29/32 hp.
You now have 7/13 mp.
Aiming: Sandblast (safe; 1% risk of failure)
Press: ? - help, Q - select action, (/) - cycle Shift-Dir - straight line, f/p - Duvessa
Aim: Duvessa, wielding a +0 short sword and wearing a +0 scale mail (moderately wounded, 87% to hit)
The blast of sand hits Duvessa but does no damage.
Dowan hits you with a +0 dagger. Duvessa misses you.
You take 2 damage, and have 27/32 hp.
You now have 6/13 mp.
Aiming: Sandblast (safe; 1% risk of failure)
Press: ? - help, Q - select action, (/) - cycle Shift-Dir - straight line, f/p - Duvessa
Aim: Duvessa, wielding a +0 short sword and wearing a +0 scale mail (moderately wounded, 87% to hit)
The blast of sand hits Duvessa.
Duvessa completely misses you.
Dowan points at you and mumbles some strange words.
You resist with some effort. Dowan misses you.
Duvessa hits you but does no damage.
You now have 5/13 mp.
Aiming: Sandblast (safe; 1% risk of failure)
Press: ? - help, Q - select action, (/) - cycle Shift-Dir - straight line, f/p - Duvessa
Aim: Duvessa, wielding a +0 short sword and wearing a +0 scale mail (moderately wounded, 87% to hit)
The blast of sand hits Duvessa but does no damage.
Dowan hits you but does no damage. Duvessa hits you with a +0 short sword!
You take 7 damage, and have 21/32 hp.
MASSIVE DAMAGE!!
Aiming: Sandblast (safe; 1% risk of failure)
Press: ? - help, Q - select action, (/) - cycle Shift-Dir - straight line, f/p - Duvessa
Aim: Duvessa, wielding a +0 short sword and wearing a +0 scale mail (moderately wounded, 87% to hit)
The blast of sand hits Duvessa but does no damage.
Duvessa closely misses you. Dowan misses you.
Duvessa hits you but does no damage. Dowan hits you but does no damage.
You now have 4/13 mp.
Casting: Sandblast (safe; 1% risk of failure)
Confirm with . or Enter, or press ? or * to list all spells.
The spell is quite dangerous to miscast (14% risk of failure)!
Continue anyway?
Okay, then.
Aiming: Sandblast (safe; 1% risk of failure)
Press: ? - help, Q - select action, (/) - cycle Shift-Dir - straight line, f/p - Duvessa
Aim: Duvessa, wielding a +0 short sword and wearing a +0 scale mail (moderately wounded, 87% to hit)
The blast of sand misses Duvessa.
Dowan barely misses you. Duvessa hits you but does no damage.
You now have 3/13 mp.
Aiming: Sandblast (safe; 1% risk of failure)
Press: ? - help, Q - select action, (/) - cycle Shift-Dir - straight line, f/p - Duvessa
Aim: Duvessa, wielding a +0 short sword and wearing a +0 scale mail (moderately wounded, 87% to hit)
The blast of sand hits Duvessa but does no damage.
Dowan says, "My weaknesses are her strengths!"
Dowan hits you but does no damage. Duvessa closely misses you.
Dowan hits you but does no damage. Duvessa misses you.
You now have 2/13 mp.
Aiming: Sandblast (safe; 1% risk of failure)
Press: ? - help, Q - select action, (/) - cycle Shift-Dir - straight line, f/p - Duvessa
Aim: Duvessa, wielding a +0 short sword and wearing a +0 scale mail (moderately wounded, 87% to hit)
The blast of sand hits Duvessa but does no damage.
Dowan hits you but does no damage. Duvessa hits you with a +0 short sword.
You take 4 damage, and have 18/32 hp.
You now have 1/13 mp.
Aiming: Sandblast (safe; 1% risk of failure)
Press: ? - help, Q - select action, (/) - cycle Shift-Dir - straight line, f/p - Duvessa
Aim: Duvessa, wielding a +0 short sword and wearing a +0 scale mail (moderately wounded, 87% to hit)
The blast of sand hits Duvessa!
Duvessa misses you.
Dowan points at Duvessa and mumbles some strange words.
Duvessa seems to speed up.
Dowan hits you but does no damage. Duvessa hits you with a +0 short sword!
You take 8 damage, and have 10/32 hp.
MASSIVE DAMAGE!!
You now have 0/13 mp.
You barely miss Duvessa. Duvessa hits you with a +0 short sword!
* * * LOW HITPOINT WARNING * * *
Dowan hits you but does no damage.
You take 7 damage, and have 3/32 hp.
MASSIVE DAMAGE!!
You hit Duvessa. You freeze Duvessa. Duvessa hits you with a +0 short sword.
You die...

## #..#### ###.#...###
.≈≈≈..≈#.........# ..
≈.≈...≈.≈#....#....#
.##≈r≈._.≈.≈#....##...#
..#≈.≈...≈.≈ #..#.....### ...
..#≈..≈≈≈..≈ #..@.....#.##..
..#.≈≈≈≈≈≈≈.##.ee....#.........
..#.........#......<.##.......##
...#########.............#.....#
......e......#.......##.##.....#
...........###........#..#.>...
...........##...##.>)....#)[##
...............###....##.))..##
................##....#.......#


You could see Duvessa (fast) and Dowan.

Vanquished Creatures
  Sigmund (D:3)
  2 hounds (D:4)
  An orc priest (D:4)
  A jelly (D:4)
  3 adders
  3 ufetubi (D:4)
  2 worms
  2 dart slugs
  3 orcs
  3 endoplasms
  4 giant cockroaches
  6 goblins
  5 hobgoblins
  A jackal (D:3)
  A quokka (D:1)
  7 ball pythons
  9 bats
  4 frilled lizards
  10 kobolds
  4 rats
72 creatures vanquished.

Notes
Turn   | Place    | Note
-------+----------+-------------------------------------------
     0 | D:1      | IndexError the Gargoyle Earth Elementalist began the quest
                  | for the Orb.
     0 | D:1      | Reached XP level 1. HP: 10/10 MP: 3/3
   274 | D:1      | Reached XP level 2. HP: 14/15 MP: 0/5
   438 | D:1      | Reached skill level 4 in Earth Magic
   473 | D:1      | Found a faded altar of an unknown god.
  1061 | D:2      | Reached XP level 3. HP: 19/19 MP: 4/6
  1205 | D:2      | Identified the +5 ring mail of Mietheg {rN+++ MP+9 Str-5
                  | Dex-4}
  1741 | D:2      | Found a broken altar of Ashenzari.
  1920 | D:3      | Noticed Sigmund
  1941 | D:3      | Killed Sigmund
  1942 | D:3      | Reached skill level 4 in Spellcasting
  1942 | D:3      | Reached skill level 5 in Earth Magic
  1942 | D:3      | Reached XP level 4. HP: 16/24 MP: 5/10
  1942 | D:3      | Reached XP level 5. HP: 19/28 MP: 5/11
  2483 | D:3      | Reached skill level 6 in Earth Magic
  2519 | D:3      | Identified the +0 robe of Happiness {Str+4}
  2563 | D:3      | Identified the +3 dagger of Sudden Death {freeze, +Blink
                  | rElec Will- SInv}
  2925 | D:3      | Learned a level 2 spell: Passwall
  2929 | D:3      | Learned a level 3 spell: Stone Arrow
  2933 | D:4      | Reached XP level 6. HP: 32/32 MP: 9/12
  2955 | D:4      | Found a hazy altar of Hepliaklqana.
  2972 | D:4      | Noticed Pargi
  3386 | D:4      | Found a broken altar of Ashenzari.
  3389 | D:4      | Noticed Duvessa
  3458 | D:4      | Noticed Dowan
  3513 | D:4      | HP: 3/32 [Duvessa/+0 short sword (7)]
  3514 | D:4      | Slain by Duvessa

Illustrated notes

Levels and vault maps discovered:
D:1:      ncdulo_halloftheorcs, layout_loops_ring, serial_glass,
          glass_columns_a, glass_columns_a, shapermc_ecumenical_altar_gd,
          minmay_split_cup_large
D:2:      layout_loops_ring, basic_altar, minmay_fountain_box,
          minmay_misc_feat_nine_boxes
D:3:      layout_basic, serial_curves, eino_curves_01, eino_curves_02,
          hangedman_decor_points, minmay_surrounded, uniq_sigmund
D:4:      layout_cave_pools, mainiacjoe_overflow_paths,
          mainiacjoe_overflow_small_starburst, minmay_temple_entry_metal_lava,
          nicolae_underground_beach, uniq_duvessa, uniq_pargi

Skill      XL: |  1  2  3  4  5 |
---------------+----------------+-----
Earth Magic    | 4 5 6 |  6.8
Spellcasting   | 4 |  4.7
Dodging        | |  1.5
Stealth        | |  2.1
Transmutations | |  0.7

Action                     |  1- 3 |  4- 6 || total
---------------------------+-------+-------++-------
  Melee: Dagger            |       |    11 ||    11
   Cast: Sandblast         |    45 |    62 ||   107
   Stab: Sleeping          |       |     1 ||     1
 Armour: Robe              |     2 |     2 ||     4
         Leather armour    |       |    31 ||    31
  Dodge: Dodged            |     6 |    18 ||    24

Table legend: (Time is in decaauts)
 A = Elapsed time spent in this place.
 B = Non-inter-level travel time spent in this place.
 C = Inter-level travel time spent in this place.
 D = Time resting spent in this place.
 E = Time spent auto-exploring this place.
 F = Levels seen in this place.
 G = Mean time per level.
                   A        B        C        D        E       F      G
               +--------+--------+--------+--------+--------+-----+--------+
         Total |   3568 |   3290 |    278 |      0 |   2712 |   4 |  892.0 |
       Dungeon |   3568 |   3290 |    278 |      0 |   2712 |   4 |  892.0 |
               +--------+--------+--------+--------+--------+-----+--------+

Top non-repeatable levels by time:
     D:1: 1106 daAuts
     D:3: 1013 daAuts
     D:2: 888 daAuts
     D:4: 560 daAuts

Table legend:
 A = Kills in this place as a percentage of kills in the entire game.
 B = Kills by you in this place as a percentage of kills by you in the entire game.
 C = Kills by friends in this place as a percentage of kills by friends in the entire game.
 D = Other kills in this place as a percentage of other kills in the entire game.
 E = Experience gained in this place as a percentage of experience gained in the entire game.
 F = Experience gained in this place divided by the number of levels of this place that you have seen.
                   A       B       C       D       E      F
               +-------+-------+-------+-------+-------+----------------------
         Total | 100.0 | 100.0 |   N/A |   N/A | 100.0 | 139.0
       Dungeon | 100.0 | 100.0 |   N/A |   N/A | 100.0 | 139.0
               +-------+-------+-------+-------+-------+----------------------
